 Dungeon Crawl Stone Soup version 0.24-b1 (webtiles) character file.

Game seed: 11530766476911729500, levelgen mode: deterministic

35 Amanar the Skirmisher (level 3, -2/24 HPs)
             Began as a Gargoyle Fighter on Oct 12, 2019.
             Slain by an ogre
             ... wielding a +0 giant club
              (25 damage)
             ... on level 5 of the Dungeon.
             The game lasted 00:03:17 (1099 turns).

Amanar the Skirmisher (Gargoyle Fighter)            Turns: 1099, Time: 00:03:17

Health: -2/24      AC: 10    Str: 20    XL:     3   Next: 33%
Magic:  3/3        EV:  7    Int:  8    God:
Gold:   114        SH:  9    Dex:  9    Spells: 2/2 levels left

rFire    . . .     SeeInvis .   a - +0 flail
rCold    . . .     Gourm    .   c - +0 shield
rNeg     + . .     Faith    .   b - +0 scale mail
rPois    ∞         Spirit   .   (no helmet)
rElec    +         Reflect  .   (no cloak)
rCorr    .         Harm     .   (no gloves)
MR       .....                  (no boots)
Stlth    ..........             (no amulet)
HPRegen  0.08/turn              (no ring)
MPRegen  0.08/turn              (no ring)

@: no status effects
A: negative energy resistance 1, electricity resistance, unbreathing,
petrification resistance, rot immunity, AC +3
a: no special abilities


You were on level 5 of the Dungeon.
You were not hungry.

You visited 1 branch of the dungeon, and saw 5 of its levels.

You collected 114 gold pieces.

Inventory:

Hand Weapons
 a - a +0 flail (weapon)
Armour
 b - a +0 scale mail (worn)
 c - a +0 shield (worn)
Scrolls
 h - a scroll of identify {unknown}
 j - a scroll of amnesia {unknown}
 m - a scroll of fear {unknown}
 n - 2 scrolls of teleportation {unknown}
 o - a scroll of remove curse {unknown}
Potions
 d - a potion of ambrosia {unknown}
 g - a potion of magic {unknown}
 i - 2 potions of lignification {unknown}
 k - 3 potions of curing {unknown}
 l - a potion of flight {unknown}
Comestibles
 e - 2 rations {!d}


   Skills:
 * Level 3.8 Fighting
 * Level 2.6 Maces & Flails
 + Level 3.5 Armour
 + Level 3.6 Shields


You had 2 spell levels left.
You didn't know any spells.
Your spell library was empty.

Dungeon Overview and Level Annotations

Branches:
Dungeon (4/15)
 Temple: D:4-7

Altars:

Annotations:
D:3 Scuka's ghost, amateur BaSu


Innate Abilities, Weirdness & Mutations

You are resistant to torment.
Your stone body is resilient. (AC +3)
You are immune to poison.
You resist negative energy. (rN+)
You are resistant to electric shocks. (rElec)
You can survive without breathing.
You are immune to petrification.
You are immune to rotting.


Message History

The worker ant twitches its antennae in your direction.
The adder bites you but does no damage.
There is a shaft here.
Really dive through this shaft in the floor?
You fall into a shaft and drop 1 floor!
The shaft crumbles and collapses.
A leopard gecko comes into view.
The leopard gecko hisses angrily.
Your shield prevents you from hitting the leopard gecko.
You block the leopard gecko's attack.
You hit the leopard gecko. You block the leopard gecko's attack.
The leopard gecko bites you but does no damage.
You sock the leopard gecko!
You kill the leopard gecko!
Found a scroll labeled ROUGAF FOGOYD.
You see here a leopard gecko corpse.
You butcher the leopard gecko corpse.
f - a chunk of flesh You see here a leopard gecko skeleton.
You start resting.
Eating a chunk of flesh.
You eat the chunk of flesh.
An ogre comes into view. It is wielding a +0 giant club.
The ogre shouts!
A crimson imp comes into view.
The crimson imp shouts!
You hear an angry hiss.
You hear a bark!
A frilled lizard comes into view.
You hear a shout!
A jackal comes into view.
The jackal barks!
The jackal bites you but does no damage.
The crimson imp barely misses you.
You closely miss the frilled lizard. The jackal completely misses you.
The crimson imp hits you.
The frilled lizard bites you but does no damage.
The jackal bites you but does no damage.
You miss the frilled lizard. The jackal bites you.
The crimson imp hits you but does no damage.
The frilled lizard bites you but does no damage.
You block the jackal's attack.
A quokka zombie comes into view.
An orc wizard comes into view. It is wielding a +0 dagger.
The frilled lizard bites you but does no damage.
The crimson imp closely misses you.
You hit the frilled lizard.
You kill the frilled lizard!
You block the jackal's attack.
The crimson imp hits you but does no damage.
The ogre hits you with a +0 giant club!!
Ouch! That really hurt!
You die...

..# O.# ..# #
## ..##.# #.
..#?# #..
##...# #.o#
##O.# #.Z##
##..##
#h@###..#.#
#.#5O#..#.##
#.#.#...#.#.#
# ###########


You could see an ogre, an orc wizard, a crimson imp, a quokka zombie and a
jackal.

Vanquished Creatures
  An ooze (D:1)
  A leopard gecko (D:5)
  An orc (D:3)
  3 bats
  A giant cockroach (D:1)
  4 goblins (D:1)
  5 hobgoblins (D:1)
  4 jackals (D:1)
  2 frilled lizards
  3 rats (D:1)
  A fungus (D:1)
26 creatures vanquished.

Vanquished Creatures (others)
  3 toadstools (D:1)
3 creatures vanquished.

Grand Total: 29 creatures vanquished

Notes
Turn   | Place    | Note
-------+----------+-------------------------------------------
     0 | D:1      | Amanar the Gargoyle Fighter began the quest for the Orb.
     0 | D:1      | Reached XP level 1. HP: 14/14 MP: 1/1
    59 | D:1      | Reached XP level 2. HP: 9/19 MP: 2/2
   481 | D:1      | Reached XP level 3. HP: 24/24 MP: 3/3
   795 | D:2      | You fall into a shaft and drop 1 floor!
   858 | D:3      | Noticed Scuka's ghost (amateur BaSu)
   861 | D:4      | Noticed an ogre
   868 | D:4      | Noticed a scorpion
   870 | D:4      | You fall into a shaft and drop 1 floor!
   870 | D:5      | Entered Level 5 of the Dungeon
  1089 | D:5      | Noticed an ogre
  1099 | D:5      | Slain by an ogre

Action                   || total
-------------------------++-------
Melee: Flail             ||   109
  Use: Potion            ||     1
  Eat: Chunk             ||     1
Armor: Scale mail        ||    65
Dodge: Dodged            ||    46
Block: Shield            ||    68
